 Dungeon Crawl Stone Soup version 0.22-a0-469-gf26638a71f (webtiles) character file.

882 BearFiend the Cudgeler (level 7, -9/62 HPs)
             Began as a Minotaur Berserker on June 11, 2018.
             Was a Priest of Trog.
             Splashed by a centaur's acid (16 damage)
             ... on level 6 of the Dungeon.
             The game lasted 00:23:18 (5126 turns).

BearFiend the Cudgeler (Minotaur Berserker)         Turns: 5126, Time: 00:23:18

Health: -9/62      AC:  8    Str: 22    XL:     7   Next: 76%
Magic:  6/6        EV:  8    Int:  4    God:    Trog [***...]
Gold:   346        SH:  0    Dex: 11    Spells: 6/6 levels left

rFire    . . .     SeeInvis .   a - +0 mace
rCold    . . .     Gourm    .   (no shield)
rNeg     . . .     Faith    .   d - +1 plate armour
rPois    +         Spirit   .   (helmet restricted)
rElec    .         Reflect  .   n - +2 cloak
rCorr    .         Harm     .   (no gloves)
MR       ++...                  (no boots)
Stlth    ..........             (no amulet)
HPRegen  1.20/turn              h - ring of poison resistance
MPRegen  0.10/turn              (no ring)

@: corroded, berserk cooldown, regenerating, slowed, very slow
A: retaliatory headbutt, horns 2
a: Berserk, Trog's Hand, Renounce Religion


You were on level 6 of the Dungeon.
You worshipped Trog.
Trog was most pleased with you.
You were near starving.

You visited 1 branch of the dungeon, and saw 6 of its levels.

You collected 346 gold pieces.

Inventory:

Hand Weapons
 a - a +0 mace (weapon)
Missiles
 b - 3 tomahawks (quivered)
Armour
 d - a +1 plate armour (worn)
 n - a +2 cloak (worn)
Jewellery
 h - a ring of poison resistance (left hand)
Wands
 u - a wand of paralysis (10)
Scrolls
 f - 3 scrolls of remove curse {@r2}
 i - 2 scrolls of enchant armour
 l - 2 scrolls of magic mapping {unknown}
 m - 2 scrolls of teleportation {unknown}
 o - a scroll of immolation {unknown}
 q - a scroll of silence {unknown}
 r - 2 scrolls of identify {@r1}
 s - 2 scrolls of fear
Potions
 e - 3 potions of curing {@q1}
 g - 2 potions of brilliance {unknown}
 j - 2 potions of flight
 k - a potion of agility
 p - a potion of mutation {unknown}
Comestibles
 c - 11 rations


   Skills:
 + Level 5.9 Fighting
 * Level 7.5 Maces & Flails
 + Level 5.3 Armour
 + Level 4.8 Dodging


You had 6 spell levels left.
You didn't know any spells.
Your spell library was empty.

Dungeon Overview and Level Annotations

Branches:
Dungeon (6/15)             Temple (0/1) D:6

Altars:
Ashenzari
Cheibriados
Dithmenos
Fedhas
Gozag
Makhleb
Okawaru
Qazlal
Ru
Vehumet
Wu Jian
The Shining One


Innate Abilities, Weirdness & Mutations

You reflexively headbutt those who attack you in melee.
You have a pair of horns on your head.


Message History

a dagger; an orc corpse The centaur zaps a wand.
The bolt of acid hits you! The acid corrodes you!
You are splashed with acid!
The acid burns!
It is a wand of acid (6).
The centaur shoots an arrow.
The arrow barely misses you.
The arrow hits the orc!
The orc dies!
A howler monkey skeleton comes into view.
The centaur zaps a wand.
The bolt of acid hits you! The acid corrodes you!
You are splashed with acid!
The acid burns!
* * * LOW HITPOINT WARNING * * *
The centaur shoots an arrow.
The arrow hits you.
* * * LOW HITPOINT WARNING * * *
The centaur unwields an uncursed shortbow.
The centaur hits you.
* * * LOW HITPOINT WARNING * * *
The centaur hits you but does no damage.
The centaur zaps a wand.
The bolt of acid hits you!
* * * LOW HITPOINT WARNING * * *
You are splashed with acid!
The acid burns!
You die...

.... #. .###...
.......#..........
.......#.....#.....
.......#.P.P......(
.........>........
..Z...P.P.....>
#####.#.........#
.......c....#...# !.
.......@.#..(...#...
...?.......)))......
..>.....#...(†..#.#
.............†..#
#......><......##
#..............#
#...............#
#......(.(........
..............#..#


You could see a centaur and a howler monkey skeleton.

Vanquished Creatures
  An ice beast (D:5)
  An orc warrior (D:6)
  A phantom (D:4)
  2 howler monkeys (D:4)
  A bullfrog zombie (D:5)
  4 hounds
  An orc wizard (D:4)
  An iguana (D:5)
  3 worker ants
  4 gnolls (D:2)
  8 adders
  A shadow imp (D:5)
  An ooze (D:5)
  An adder zombie (D:5)
  3 worms
  A dart slug (D:1)
  4 leopard geckos
  17 orcs
  3 giant cockroaches
  8 goblins
  11 hobgoblins
  10 jackals
  2 quokkas
  2 ball pythons
  14 bats
  2 frilled lizards
  6 kobolds
  2 quokka skeletons
  5 rats
120 creatures vanquished.

Vanquished Creatures (others)
  A sky beast (D:6)
  A leopard gecko (D:6)
  2 orcs (D:6)
  3 fungi (D:4)
7 creatures vanquished.

Grand Total: 127 creatures vanquished

Notes
Turn   | Place    | Note
-------+----------+-------------------------------------------
     0 | D:1      | BearFiend the Minotaur Berserker began the quest for the Orb.
     0 | D:1      | Reached XP level 1. HP: 19/19 MP: 0/0
   138 | D:1      | Reached XP level 2. HP: 25/27 MP: 1/1
   332 | D:1      | Reached skill level 4 in Maces & Flails
   768 | D:2      | Reached XP level 3. HP: 33/33 MP: 2/2
   861 | D:2      | Reached ** piety under Trog
  1114 | D:2      | Found an iron altar of Okawaru.
  1202 | D:2      | Reached XP level 4. HP: 32/40 MP: 3/3
  1769 | D:2      | Found a glowing golden altar of the Shining One.
  2174 | D:3      | Reached skill level 5 in Maces & Flails
  2372 | D:3      | Reached XP level 5. HP: 34/47 MP: 4/4
  2625 | D:3      | Found a blossoming altar of Fedhas.
  2630 | D:3      | Found a radiant altar of Vehumet.
  2846 | D:3      | Reached *** piety under Trog
  3210 | D:4      | Noticed a phantom
  3277 | D:4      | Killed a phantom
  3277 | D:4      | Reached skill level 5 in Fighting
  3277 | D:4      | Reached XP level 6. HP: 50/56 MP: 5/5
  3361 | D:4      | Reached skill level 6 in Maces & Flails
  4155 | D:4      | Reached XP level 7. HP: 56/61 MP: 6/6
  4327 | D:5      | Entered Level 5 of the Dungeon
  4422 | D:5      | Found a shadowy altar of Dithmenos.
  4666 | D:5      | Reached skill level 7 in Maces & Flails
  4666 | D:5      | Reached skill level 5 in Armour
  4978 | D:5      | Found an ornate altar of the Wu Jian Council.
  4985 | D:5      | Found a burning altar of Makhleb.
  4985 | D:5      | Found a snail-covered altar of Cheibriados.
  4985 | D:5      | Found a shattered altar of Ashenzari.
  4986 | D:5      | Found a glowing golden altar of the Shining One.
  4989 | D:5      | Found a sacrificial altar of Ru.
  4990 | D:5      | Found an opulent altar of Gozag.
  4991 | D:5      | Found a stormy altar of Qazlal.
  5096 | D:6      | Found a staircase to the Ecumenical Temple.
  5126 | D:6      | Splashed by a centaur's acid

Vault maps used:
D:1:      mushboom_english_gardens
D:2:      nicolae_overflow_hidden_temple, hangedman_abyss_or_decor_stabs,
          hangedman_decor_peaks_small, minmay_misc_feat_tower,
          hangedman_decor_lopped, nicolae_tso_carved_into_rock
D:3:      amethyst_overflow_temple_binary, palyth_stone_intersect
D:4:      old_forge
D:5:      minitemple, first_ration, nicolae_dithmenos_the_darkroom
D:6:      minmay_temple_entry_trees, serial_shops, nicolae_shop_waterfront,
          nicolae_ossuary_entry_monument, lemuel_flamethrower_2

Skill      XL: |  1  2  3  4  5  6  7 |
---------------+----------------------+-----
Maces & Flails | 4 5 6 7 |  7.5
Fighting       | 4 5 |  5.9
Armour         | 3 4 5 |  5.3
Dodging        | 3 4 |  4.8

Action                   |  1- 3 |  4- 6 |  7- 9 || total
-------------------------+-------+-------+-------++-------
Melee: Mace              |    95 |   156 |    69 ||   320
       Headbutt          |    16 |    43 |    14 ||    73
       Spear             |       |    70 |       ||    70
Invok: Berserk           |     2 |     3 |     1 ||     6
       Trog's Hand       |       |       |     1 ||     1
  Use: Scroll            |     7 |     4 |       ||    11
 Stab: Held in net/web   |       |     1 |       ||     1
  Eat: Chunk             |     2 |    10 |     2 ||    14
       Ration            |       |     1 |       ||     1
Armor: Plate armour      |   101 |   151 |    56 ||   308
Dodge: Dodged            |    51 |    76 |    44 ||   171

Table legend:
 A = Spawn XP
 B = Non-spawn XP
 C = Spawn XP percentage of total XP
 D = Spawn monster count
 E = Non-spawn monster count
 F = Spawn count percentage of total count
 G = Total turns spent on level
                    A         B        C        D         E        F      G
               +---------+---------+-------+---------+---------+-------+---------
         Total |       0 |    1261 |   0.0 |       0 |     120 |   0.0 |  5126
               +---------+---------+-------+---------+---------+-------+---------
           D:1 |       0 |      40 |   0.0 |       0 |      24 |   0.0 |   767
           D:2 |       0 |     136 |   0.0 |       0 |      29 |   0.0 |  1389
           D:3 |       0 |      73 |   0.0 |       0 |      21 |   0.0 |   941
           D:4 |       0 |     501 |   0.0 |       0 |      27 |   0.0 |  1230
           D:5 |       0 |     323 |   0.0 |       0 |      12 |   0.0 |   768
           D:6 |       0 |     188 |   0.0 |       0 |       7 |   0.0 |    31
               +---------+---------+-------+---------+---------+-------+---------
